[Event "1st Gujarat GM Open 2018"]
[Site "Ahmedabad"]
[Date "2018.10.07"]
[Round "3"]
[White "Deshmukh, Anup"]
[Black "Stany, G.A."]
[Result "0-1"]
[ECO "B40"]
[WhiteElo "2267"]
[BlackElo "2502"]
[Annotator "ChessBase"]
[PlyCount "84"]
[EventDate "2018.10.05"]
[EventType "swiss"]
[EventCountry "IND"]
[SourceTitle "playchess.com"]
[Source "ChessBase"]
[SourceQuality "1"]
[TimeControl "5400+30"]

1. e4 c5 2. Nf3 e6 3. c4 Nc6 4. Nc3 Nf6 5. d3 d6 6. h3 Be7 7. g3 d5 8. cxd5 exd5 9. e5 Nd7 10. Nxd5 Ndxe5 11. Nxe7 Qxe7 12. Nxe5 Nxe5 13. Be3 Bf5 14. g4 Bd7 15. Bg2 Bc6 16. Bxc6+ Nxc6 17. Rc1 b6 18. Qa4 Qd7 19. Qe4+ Kf8 20. O-O Re8 21. Qg2 h5 22. g5 Ne5 23. Rc3 Qf5 24. Rd1 Nf3+ 25. Kf1 f6 26. g6 Nh4 27. Qg3 Nxg6 28. d4 h4 29. Qh2 Rd8 30. Ra3 Rd7 31. Rxa7 Kf7 32. Rc7 Ne7 33. Rxd7 Qxd7 34. Ke1 Rd8 35. Rd2 c4 36. d5 Nxd5 37. Qg2 Qf5 38. Ke2 c3 39. Rxd5 Rxd5 40. bxc3 Qd3+ 41. Kf3 Rg5 42. Qh2 Qd1+ 0-1

[Event "1st Gujarat GM Open 2018"]
[Site "Ahmedabad"]
[Date "2018.10.07"]
[Round "3"]
[White "Pranav Vijay"]
[Black "Neverov, Valeriy"]
[Result "0-1"]
[ECO "A48"]
[WhiteElo "2265"]
[BlackElo "2488"]
[Annotator "ChessBase"]
[PlyCount "122"]
[EventDate "2018.10.05"]
[EventType "swiss"]
[EventCountry "IND"]
[SourceTitle "playchess.com"]
[Source "ChessBase"]
[SourceQuality "1"]
[TimeControl "5400+30"]

1. d4 Nf6 2. Nf3 g6 3. Nc3 d5 4. Bf4 c6 5. e3 Bg7 6. Bd3 Bg4 7. h3 Bxf3 8. Qxf3 Nbd7 9. O-O O-O 10. Rfd1 Qb6 11. a3 Nh5 12. Bh2 e5 13. Bf5 gxf5 14. Qxh5 f4 15. exf4 exd4 16. Ne2 Nf6 17. Qf3 Ne4 18. f5 Qxb2 19. Nf4 Qc3 20. Qg4 Nf6 21. Qh4 Rfe8 22. g4 h6 23. Nd3 Re4 24. Be5 Rxe5 25. Nxe5 Ne4 26. Nd3 Qxc2 27. Rac1 Qe2 28. g5 hxg5 29. Qg4 Nc3 30. Qxg5 f6 31. Qd2 Re8 32. Nf4 Qxd2 33. Rxd2 Bh6 34. Rxd4 Ne2+ 35. Nxe2 Bxc1 36. Nxc1 Re1+ 37. Kg2 Rxc1 38. Rg4+ Kf7 39. Rh4 Kg7 40. Rg4+ Kf7 41. Rh4 Rb1 42. Rh7+ Kg8 43. Rd7 Rb3 44. a4 a5 45. h4 b5 46. axb5 cxb5 47. Rxd5 a4 48. Rd8+ Kg7 49. Rd7+ Kf8 50. h5 a3 51. h6 Kg8 52. Ra7 b4 53. f3 Rb2+ 54. Kg3 a2 55. Kg4 Rg2+ 56. Kh3 Rc2 57. Kg4 b3 58. Kh5 Rh2+ 59. Kg6 Rg2+ 60. Kxf6 Rg1 61. Ra8+ Kh7 0-1

[Event "1st Gujarat GM Open 2018"]
[Site "Ahmedabad"]
[Date "2018.10.07"]
[Round "3"]
[White "Srija, Seshadri"]
[Black "Babujian, Levon"]
[Result "0-1"]
[ECO "B41"]
[WhiteElo "2246"]
[BlackElo "2456"]
[Annotator "ChessBase"]
[PlyCount "124"]
[EventDate "2018.10.05"]
[EventType "swiss"]
[EventCountry "IND"]
[SourceTitle "playchess.com"]
[Source "ChessBase"]
[SourceQuality "1"]
[TimeControl "5400+30"]

1. e4 c5 2. Nf3 e6 3. d4 cxd4 4. Nxd4 a6 5. c4 d6 6. Nc3 Nf6 7. Be3 Be7 8. Be2 O-O 9. O-O Nbd7 10. f3 Qc7 11. Rc1 b6 12. a3 Bb7 13. b4 Rac8 14. Kh1 Qb8 15. Bg1 Rfe8 16. Qe1 Bd8 17. h4 d5 18. Bh2 Bc7 19. Bxc7 Rxc7 20. cxd5 exd5 21. exd5 Bxd5 22. Qd2 Bc4 23. Rfe1 Ne5 24. Nf5 Be6 25. Qg5 Bxf5 26. Qxf5 Ng6 27. Ne4 Nxe4 28. fxe4 Nxh4 29. Qg4 Ng6 30. Bxa6 Ne5 31. Qf4 Rce7 32. Rc3 b5 33. Rec1 Qb6 34. Bc8 Nc4 35. Bf5 g6 36. Qh6 Qd4 37. a4 gxf5 38. axb5 Re6 39. Qg5+ Rg6 40. Rxc4 Qb6 41. Rc6 Qxc6 42. bxc6 Rxg5 43. b5 fxe4 44. b6 Rb5 45. b7 Kg7 46. Ra1 Rb8 47. Ra7 e3 48. c7 e2 49. Ra1 R5xb7 50. cxb8=Q Rxb8 51. Re1 Re8 52. Kg1 Kg6 53. Kf2 Kg5 54. Rxe2 Rxe2+ 55. Kxe2 Kg4 56. Kf2 h5 57. Kf1 Kg3 58. Kg1 h4 59. Kh1 h3 60. Kg1 Kg4 61. Kh1 hxg2+ 62. Kxg2 f5 0-1

[Event "1st Gujarat GM Open 2018"]
[Site "Ahmedabad"]
[Date "2018.10.07"]
[Round "3"]
[White "Navalgund, Niranjan"]
[Black "Bhoopnath"]
[Result "1-0"]
[ECO "E70"]
[WhiteElo "2245"]
[BlackElo "1645"]
[Annotator "NA"]
[PlyCount "93"]
[EventDate "2018.10.05"]
[EventType "swiss"]
[EventCountry "IND"]
[SourceTitle "playchess.com"]
[Source "ChessBase"]
[SourceQuality "1"]
[TimeControl "5400+30"]

1. d4 Nf6 2. c4 g6 3. Nc3 Bg7 4. e4 d6 5. Bd3 O-O 6. Nge2 c5 7. d5 e6 8. h3 exd5 9. exd5 Na6 10. O-O Bd7 11. Bg5 h6 12. Bh4 Nc7 13. f4 Qc8 14. f5 Nh5 15. f6 Bh8 16. Ne4 Bxh3 17. gxh3 Qxh3 18. Bg3 Rfe8 19. Nf4 Nxf4 20. Bxf4 g5 21. Bxd6 Rxe4 22. Bxe4 Ne8 23. Bxc5 Nxf6 24. Bg2 Qh4 25. Bf2 Qxc4 26. Rc1 Qxa2 27. Bd4 Qa6 28. Qf3 Re8 29. Bxf6 Qb6+ 30. Kh1 Bxf6 31. Qxf6 Qxf6 32. Rxf6 Kg7 33. Rcf1 Re2 34. Rxf7+ Kg6 35. Rxb7 g4 36. d6 h5 37. Rd1 Re8 38. Re7 Rd8 39. d7 Kg5 40. Re8 Rxd7 41. Rxd7 Kh4 42. Re5 a5 43. Rd4 a4 44. Kh2 a3 45. Bd5 axb2 46. Bf7 b1=Q 47. Rxh5# 1-0

[Event "1st Gujarat GM Open 2018"]
[Site "Ahmedabad"]
[Date "2018.10.07"]
[Round "3"]
[White "Kumar, Gaurav"]
[Black "Sudarshan Bhat"]
[Result "1/2-1/2"]
[ECO "C60"]
[WhiteElo "2236"]
[BlackElo "1840"]
[Annotator "NA"]
[PlyCount "46"]
[EventDate "2018.10.05"]
[EventType "swiss"]
[EventCountry "IND"]
[SourceTitle "playchess.com"]
[Source "ChessBase"]
[SourceQuality "1"]
[TimeControl "5400+30"]

1. e4 e5 2. Nf3 Nc6 3. Bb5 g6 4. O-O Bg7 5. c3 d6 6. d4 Bd7 7. Bg5 Nge7 {[%emt 0:02:15] LiveBook: 7 Games. C60: Ruy Lopez: Unusual Black 3rd moves and 3...g6} (7... Nf6 8. Bxc6 Bxc6 9. dxe5 dxe5 10. Nxe5 Qxd1 11. Rxd1 Nxe4 12. Bf4 g5 13. Nxc6 gxf4 14. Nb4 Rd8 15. Rxd8+ Kxd8 {½-½ (30) Dreev,A (2660)-Gelashvili,T (2605) Benidorm 2009}) 8. Qd2 h6 9. Be3 g5 {[%emt 0:00:37] The position is equal.} 10. dxe5 dxe5 $146 ({Predecessor:} 10... Nxe5 $11 11. Bxd7+ Qxd7 12. Nxe5 Bxe5 (12... dxe5 13. Qxd7+ Kxd7 14. Rd1+ Ke6 15. Na3 {½-½ (45) Dmochowska,A (1790)-Czerniawski,M (2018) Poland 2014})) 11. Bc5 a6 12. Be2 Ng6 13. Rd1 Nf4 14. Bc4 Be6 15. Bxe6 Nxe6 16. Qd3 $2 (16. Ba3 $11 {and White stays safe.}) 16... Qd6 $4 ({Much less strong is} 16... Nxc5 17. Qe2 $19) (16... Qxd3 $19 17. Rxd3 Nxc5) 17. Qxd6 $2 (17. Bxd6 $18 Rd8 18. Qc2 cxd6 19. Nbd2) 17... Rc8 $2 {[#]} (17... cxd6 $16 18. Bxd6 f6) 18. Qd8+ $2 (18. Qd7# {mates}) 18... Rxd8 $11 19. Rd4 $2 (19. Rxd8+ $11 Kxd8 20. Be3) 19... Rd6 $2 (19... exd4 $19 20. Bxd4 Nexd4 21. cxd4 Nxd4) 20. Rxd6 {[%emt 0:01:13] Kd8 [%clk 0:56:25] Be3+ [%clk 0:49:03] Kc8 [%clk 0:52:12] Nbd2 [%clk 0:49:05] Rd8 [%clk 0:51:39] b4 [%clk 0:39:30] Precision: White =  9%, Black = 35%.} Bf6 {[%emt 0:19:16] Nb3 [%clk 0:36:23]} 21. g4 {[%emt 0:18:23] Nfd2 [%clk 0:34:25] Bg5 [%clk 0:33:04] Bxg5 [%clk 0:23:02] Nxg5 [%clk 0:32:51] Kf1 [%clk 0:23:12]} a5 {[%emt 0:13:37] b5 [%clk 0:14:37] Ne7 [%clk 0:15:47]} 22. a4 b6 {[%emt 0:13:03] Ke2 [%clk 0:10:12] Ng6 [%clk 0:13:57] g3 [%clk 0:10:30] h5 [%clk 0:12:42] Rc1 [%clk 0:09:06] Ne6 [%clk 0:06:58] f3 [%clk 0:08:32]} 23. Nxg5 {[%emt 0:08:29] fxg4 [%clk 0:05:09] hxg4 [%clk 0:06:29] Rf1 [%clk 0:05:30] Rh8 [%clk 0:05:27] Rf2 [%clk 0:05:55] Kd7 [%clk 0:05:16] Na1+ [%clk 0:05:40] Ke6 [%clk 0:03:55] Nc2+ [%clk 0:03:38] Nh3 [%clk 0:03:51] Rf1+ [%clk 0:02:29]} Nxg5 {[%emt 0:11:00] Rf2+ [%clk 0:01:08] Nh3 [%clk 0:04:09] Rf1+ [%clk 0:00:55] Ng5 [%clk 0:03:46] Rh1+ [%clk 0:00:43] Ne7 [%clk 0:01:23] Ne3+ [%clk 0:01:04] f5 exf5+ Nxf5 Nxf5+ Kxf5 Rf1+ Ke6 Rf2+} 1/2-1/2

[Event "1st Gujarat GM Open 2018"]
[Site "Ahmedabad"]
[Date "2018.10.07"]
[Round "3"]
[White "Moksh Amit Doshi"]
[Black "Akash G"]
[Result "0-1"]
[ECO "E81"]
[WhiteElo "2224"]
[BlackElo "2424"]
[Annotator "ChessBase"]
[PlyCount "126"]
[EventDate "2018.10.05"]
[EventType "swiss"]
[EventCountry "IND"]
[SourceTitle "playchess.com"]
[Source "ChessBase"]
[SourceQuality "1"]
[TimeControl "5400+30"]

1. d4 Nf6 2. c4 g6 3. Nc3 Bg7 4. e4 d6 5. f3 O-O 6. Be3 c5 7. Nge2 Nc6 8. d5 Ne5 9. Ng3 e6 10. Be2 exd5 11. cxd5 h5 12. O-O Nh7 13. Qd2 Bd7 14. h3 h4 15. Nh1 f5 16. Nf2 a6 17. a4 Qf6 18. f4 Nf7 19. exf5 gxf5 20. Kh2 Rfe8 21. Rae1 Qg6 22. Nfd1 Nf6 23. Bf2 Qh6 24. Bd3 Ne5 25. Bc2 b5 26. b3 Ng6 27. axb5 axb5 28. Bd3 b4 29. Nb5 Ne4 30. Bxe4 Bxb5 31. Bd3 Bxd3 32. Qxd3 Qxf4+ 33. Kh1 Rxe1 34. Bxe1 Qe4 35. Qd2 Re8 36. Qg5 Qe2 37. Rg1 Qxd1 38. Bxh4 Qxd5 39. Qxg6 Re3 40. Kh2 Qe6 41. Qg5 f4 42. Ra1 Qe5 43. Qd8+ Qe8 44. Qg5 f3 45. Bg3 Re5 46. Qg4 Re4 47. Qg5 Re5 48. Qg4 fxg2 49. Ra7 Re7 50. Qc4+ Rf7 51. Qd5 g1=Q+ 52. Kxg1 Qe3+ 53. Kg2 Qe2+ 54. Kh1 Qf1+ 55. Kh2 Qe2+ 56. Kh1 Qf3+ 57. Qxf3 Rxf3 58. Bxd6 Bd4 59. Ra5 Rxh3+ 60. Kg2 Rc3 61. Kf1 Kf7 62. Ke2 Ke6 63. Bf8 Ke5 0-1

[Event "1st Gujarat GM Open 2018"]
[Site "Ahmedabad"]
[Date "2018.10.07"]
[Round "3"]
[White "Swati Ghate"]
[Black "Fenil, Shah"]
[Result "1/2-1/2"]
[ECO "B12"]
[WhiteElo "2215"]
[BlackElo "2411"]
[Annotator "ChessBase"]
[PlyCount "102"]
[EventDate "2018.10.05"]
[EventType "swiss"]
[EventCountry "IND"]
[SourceTitle "playchess.com"]
[Source "ChessBase"]
[SourceQuality "1"]
[TimeControl "5400+30"]

1. e4 c6 2. d4 d5 3. e5 Bf5 4. Nd2 e6 5. Nb3 c5 6. dxc5 Bxc5 7. Nxc5 Qa5+ 8. c3 Qxc5 9. Nf3 Qc7 10. Nd4 Qxe5+ 11. Be2 Nc6 12. Qb3 Nge7 13. Qxb7 Rb8 14. Nxc6 Qxe2+ 15. Kxe2 Rxb7 16. Nxe7 Kxe7 17. b4 Rc8 18. Bd2 Rc4 19. f3 a5 20. Rhc1 a4 21. a3 e5 22. Be3 f6 23. Ra2 h5 24. Rb2 Rb5 25. Kd2 g5 26. g3 Ke6 27. Re1 Kf7 28. Rc1 Rc8 29. Ra2 Rc4 30. Rb2 Kg6 31. Ra2 Be6 32. Rb2 Rc8 33. Ke1 g4 34. f4 Bf5 35. fxe5 fxe5 36. Rf2 Rb7 37. Kd2 Be4 38. Bc5 Bf3 39. h4 Kf5 40. Be3 Rc4 41. Rff1 Ke6 42. Rfe1 Kf6 43. Bg5+ Kf5 44. Be3 Rb5 45. Bc5 Ke6 46. Bd4 Be4 47. Be3 Rb8 48. Rf1 Rbc8 49. Bc5 Bf3 50. Rce1 Kf5 51. Re3 Rc6 1/2-1/2

[Event "1st Gujarat GM Open 2018"]
[Site "Ahmedabad"]
[Date "2018.10.07"]
[Round "3"]
[White "Nandhidhaa, P V"]
[Black "Rahul Srivatshav P"]
[Result "1/2-1/2"]
[ECO "A04"]
[WhiteElo "2212"]
[BlackElo "2395"]
[Annotator "NA"]
[PlyCount "83"]
[EventDate "2018.10.05"]
[EventType "swiss"]
[EventCountry "IND"]
[SourceTitle "playchess.com"]
[Source "ChessBase"]
[SourceQuality "1"]
[TimeControl "5400+30"]

1. Nf3 g6 2. g3 Bg7 3. Bg2 c5 4. O-O Nc6 5. c4 d6 6. Nc3 e6 7. b3 Nge7 8. Bb2 O-O 9. e3 e5 10. d3 h6 11. Qe2 Bg4 12. h3 Be6 13. Rac1 Qd7 14. Kh2 Kh7 15. Rfd1 Rae8 16. d4 exd4 17. exd4 Nxd4 18. Nxd4 cxd4 19. Nb5 Nc6 20. Qf1 f5 21. f4 h5 22. h4 Ne5 23. fxe5 dxe5 24. Ba3 Rf6 25. Nd6 Rg8 26. Qe2 f4 27. Qxe5 Rf5 28. Qe4 fxg3+ 29. Kg1 Rf2 30. Rc2 Rgf8 31. Rxf2 gxf2+ 32. Kf1 Bg4 33. Rd2 Rf6 34. Qd5 Qe7 35. Ne4 Qxa3 36. Nxf6+ Bxf6 37. Qf7+ Kh6 38. Rc2 Bxh4 39. Qf4+ Kh7 40. Qf7+ Kh6 41. Qf4+ Kh7 42. Qf7+ 1/2-1/2

[Event "1st Gujarat GM Open 2018"]
[Site "Ahmedabad"]
[Date "2018.10.07"]
[Round "3"]
[White "Srihari L R"]
[Black "Arjun Kalyan"]
[Result "1-0"]
[ECO "A12"]
[WhiteElo "2170"]
[BlackElo "2408"]
[Annotator "ChessBase"]
[PlyCount "155"]
[EventDate "2018.10.05"]
[EventType "swiss"]
[EventCountry "IND"]
[SourceTitle "playchess.com"]
[Source "ChessBase"]
[SourceQuality "1"]
[TimeControl "5400+30"]

1. Nf3 d5 2. c4 c6 3. b3 Bg4 4. Bb2 Bxf3 5. exf3 Nf6 6. d4 g6 7. Nd2 Bg7 8. g3 O-O 9. Bg2 a5 10. O-O Na6 11. f4 b5 12. Qe2 Qb6 13. c5 Qb7 14. a4 Nc7 15. axb5 Nxb5 16. Ra4 Nd7 17. Rc1 e6 18. Nf3 Nc7 19. Qc2 Rfb8 20. Nd2 Ra7 21. Rca1 Rba8 22. Bf1 Na6 23. Bxa6 Rxa6 24. Bc3 Qb5 25. Nf3 f6 26. Kg2 e5 27. b4 e4 28. Ne1 axb4 29. Rxb4 Qxb4 30. Rxa6 Qb7 31. Rxa8+ Qxa8 32. Qb3 Qb7 33. Qc2 Qa8 34. Qb3 f5 35. Nc2 Qa6 36. Nb4 Qb5 37. Qa3 Qb7 38. Qa4 Nb8 39. Qa5 Bf6 40. h4 Kf7 41. Kf1 Ke8 42. Qa4 Kd8 43. Ke2 Kc8 44. Ke3 Bd8 45. Ke2 h6 46. Bd2 Bf6 47. Be3 Qc7 48. Kf1 Bd8 49. Qa8 Qb7 50. Qa4 Bc7 51. Kg2 Kd8 52. Kf1 Ke7 53. Kg2 Bd8 54. Kh2 Kf7 55. Kg2 Kf8 56. Kf1 Kf7 57. Kg2 Bf6 58. Kh2 Be7 59. Kg2 Bd8 60. Kh2 Kf6 61. Kg2 Ke6 62. Nxd5 cxd5 63. Qe8+ Be7 64. Qxg6+ Kd7 65. Qxf5+ Kd8 66. Qh7 Qc6 67. f5 Qe8 68. Qxh6 Nc6 69. f6 Bf8 70. Qh7 Qd7 71. f7 Kc8 72. Qg8 Qd8 73. Bg5 Ne7 74. h5 Kd7 75. h6 Qb8 76. h7 Qb3 77. Be3 Qd1 78. h8=Q {[%emt 0:00:29] Ke8 [%clk 0:00:15]} 1-0

[Event "1st Gujarat GM Open 2018"]
[Site "Ahmedabad"]
[Date "2018.10.07"]
[Round "3"]
[White "Utsab Chatterjee"]
[Black "Saurabh Anand"]
[Result "0-1"]
[ECO "B44"]
[WhiteElo "2149"]
[BlackElo "2303"]
[Annotator "NA"]
[PlyCount "74"]
[EventDate "2018.10.05"]
[EventType "swiss"]
[EventCountry "IND"]
[SourceTitle "playchess.com"]
[Source "ChessBase"]
[SourceQuality "1"]
[TimeControl "5400+30"]

1. e4 c5 2. Nf3 e6 3. d4 cxd4 4. Nxd4 Nc6 5. Nxc6 bxc6 6. Bd3 Nf6 7. O-O d5 8. Nc3 Be7 9. Qe2 O-O 10. f4 c5 11. Bb5 Bb7 12. e5 Ne8 13. b3 f5 14. Bd2 Nc7 15. Bd3 Qd7 16. Rad1 Rac8 17. Be1 Qc6 18. Kh1 a6 19. Qf2 d4 20. Nb1 Bh4 21. Qe2 Bxe1 22. Rdxe1 Nd5 23. Rf2 Rc7 24. a3 h6 25. Bc4 Ne3 26. c3 g5 27. fxg5 hxg5 28. cxd4 cxd4 29. Nd2 g4 30. Kg1 Rg7 31. Nf1 f4 32. Nxe3 dxe3 33. Rff1 Qe8 34. Rd1 f3 35. Qxe3 g3 36. h3 f2+ 37. Kh1 Qc6 0-1

[Event "1st Gujarat GM Open 2018"]
[Site "Ahmedabad"]
[Date "2018.10.07"]
[Round "3"]
[White "Jay Kundaliya"]
[Black "Rakesh Kumar Jena"]
[Result "1-0"]
[ECO "B00"]
[WhiteElo "2047"]
[BlackElo "2388"]
[Annotator "NA"]
[PlyCount "115"]
[EventDate "2018.10.05"]
[EventType "swiss"]
[EventCountry "IND"]
[SourceTitle "playchess.com"]
[Source "ChessBase"]
[SourceQuality "1"]
[TimeControl "5400+30"]

1. e4 d6 2. d4 Nf6 3. f3 g6 4. Be3 Bg7 5. Qd2 Nbd7 6. Bh6 Bxh6 7. Qxh6 c5 8. c3 Qb6 9. Qd2 O-O 10. Na3 Qc7 11. Ne2 a6 12. g4 b5 13. Ng3 b4 14. cxb4 cxd4 15. Qxd4 Ne5 16. Be2 Rb8 17. Qd2 Rd8 18. g5 Ne8 19. f4 Nc6 20. Nc2 d5 21. e5 d4 22. Bd3 Qb6 23. a3 Bh3 24. Ne4 Nc7 25. Qf2 a5 26. Qf3 Bf5 27. bxa5 Qxb2 28. O-O Nd5 29. Nb4 Ncxb4 30. axb4 Nc3 31. Nxc3 Bxd3 32. Na4 Qe2 33. Nc5 Qxf3 34. Rxf3 Be2 35. Rb3 Bc4 36. Rb2 Bb5 37. Kf2 Bc6 38. a6 Rb5 39. a7 Kg7 40. Ke2 e6 41. Kd3 Rb6 42. Ra5 Rc8 43. Kxd4 Ba8 44. b5 Rc7 45. Ra6 Rxa6 46. bxa6 Rxa7 47. Rb7 Rxa6 48. Rxf7+ Kxf7 49. Nxa6 Ke7 50. Kc5 Kd7 51. Nb4 Be4 52. Na2 Kc7 53. Nc3 Bf3 54. Nb5+ Kd7 55. Kb6 Bg2 56. Nd6 Bf3 57. Nf7 Ke7 58. Nh6 1-0

[Event "1st Gujarat GM Open 2018"]
[Site "Ahmedabad"]
[Date "2018.10.07"]
[Round "3"]
[White "Tarun Kanyamarala"]
[Black "Siva Mahadevan"]
[Result "0-1"]
[ECO "D70"]
[WhiteElo "2046"]
[BlackElo "2341"]
[Annotator "NA"]
[PlyCount "64"]
[EventDate "2018.10.05"]
[EventType "swiss"]
[EventCountry "IND"]
[SourceTitle "playchess.com"]
[Source "ChessBase"]
[SourceQuality "1"]
[TimeControl "5400+30"]

1. d4 Nf6 2. c4 g6 3. f3 d5 4. cxd5 Nxd5 5. e4 Nb6 6. Nc3 Bg7 7. Be3 O-O 8. Qd2 e5 9. d5 c6 10. O-O-O cxd5 11. exd5 Na6 12. g4 Bd7 13. h4 Rc8 14. Kb1 e4 15. Nxe4 Ba4 16. b3 f5 17. gxf5 Rxf5 18. Bh3 Nc4 19. bxc4 Rxc4 20. Bxf5 gxf5 21. Ne2 Bxd1 22. Rxd1 Rb4+ 23. Qxb4 Nxb4 24. N4c3 Qa5 25. d6 Nxa2 26. Nxa2 Qb5+ 27. Kc2 Qxe2+ 28. Bd2 Qe6 29. Nc3 Qxd6 30. Bg5 Qc6 31. Rd3 h6 32. Bf4 Bxc3 0-1

[Event "1st Gujarat GM Open 2018"]
[Site "Ahmedabad"]
[Date "2018.10.07"]
[Round "3"]
[White "Rajarshi Dutta"]
[Black "Sahil, Tickoo"]
[Result "0-1"]
[ECO "B22"]
[WhiteElo "2026"]
[BlackElo "2217"]
[Annotator "NA"]
[PlyCount "108"]
[EventDate "2018.10.05"]
[EventType "swiss"]
[EventCountry "IND"]
[SourceTitle "playchess.com"]
[Source "ChessBase"]
[SourceQuality "1"]
[TimeControl "5400+30"]

1. e4 c5 2. c3 d5 3. exd5 Nf6 4. d4 Nxd5 5. Nf3 e6 6. Ne5 Nc6 7. Bb5 Bd7 8. Nxd7 Qxd7 9. O-O a6 10. Bc4 cxd4 11. cxd4 Nb6 12. Qb3 Nxc4 13. Qxc4 Qxd4 14. Qb3 Qb4 15. Qg3 Nd4 16. Qd3 Rd8 17. Nc3 Nb3 18. Nd5 Rxd5 19. Qxb3 Qxb3 20. axb3 Bd6 21. Be3 Ke7 22. Rac1 Rd8 23. Rc4 Rb5 24. Bd4 f6 25. Bc3 Rxb3 26. Re1 Rb5 27. Rce4 e5 28. f4 Ke6 29. g4 g6 30. R4e2 Bc5+ 31. Kg2 Bd4 32. g5 Bxc3 33. bxc3 Rc8 34. gxf6 Kxf6 35. fxe5+ Ke6 36. Re3 Rcc5 37. Rh3 Rc7 38. Rhe3 Rbc5 39. Kf3 Rxc3 40. Kf4 h6 41. Rxc3 Rxc3 42. Ke4 Rc5 43. Kf4 Rc4+ 44. Kf3 b5 45. Ra1 Ra4 46. Re1 a5 47. Rg1 g5 48. Re1 Rf4+ 49. Kg3 a4 50. Rc1 b4 51. Rc5 a3 52. Ra5 Re4 53. Rb5 a2 54. Ra5 b3 0-1

[Event "1st Gujarat GM Open 2018"]
[Site "Ahmedabad"]
[Date "2018.10.07"]
[Round "3"]
[White "Mulay, Pratik"]
[Black "Sai Agni Jeevitesh, J."]
[Result "0-1"]
[ECO "A22"]
[WhiteElo "1983"]
[BlackElo "2362"]
[Annotator "NA"]
[PlyCount "73"]
[EventDate "2018.10.05"]
[EventType "swiss"]
[EventCountry "IND"]
[SourceTitle "playchess.com"]
[Source "ChessBase"]
[SourceQuality "1"]
[TimeControl "5400+30"]

1. c4 e5 2. Nc3 Nf6 3. g3 d5 4. cxd5 Nxd5 5. Bg2 Nb6 6. a4 a5 7. Nf3 Nc6 8. O-O Be7 9. d3 O-O 10. Be3 Be6 11. Rc1 f5 12. Nb5 Nd5 13. Bc5 Ndb4 14. Bxb4 axb4 15. Nxe5 Nxe5 16. Nxc7 Qd7 17. d4 Ng4 18. Bxb7 Ra7 19. Nxe6 Qxe6 20. Bf3 Nf6 21. Rc6 Qd7 22. Qd3 Kh8 23. b3 Nd5 24. Bxd5 Qxd5 25. Rfc1 f4 26. Rc8 Ra8 27. Rxa8 Qxa8 28. f3 Qb8 29. Kg2 Bd6 30. gxf4 Bxf4 31. e3 Bd6 32. f4 g5 33. f5 Bxh2 34. e4 Bf4 35. Rc6 Qe8 36. d5 Qh5 37. Qf3 0-1

[Event "1st Gujarat GM Open 2018"]
[Site "Ahmedabad"]
[Date "2018.10.07"]
[Round "3"]
[White "Himanshu Ranjan"]
[Black "Sahoo, Utkal Ranjan"]
[Result "1/2-1/2"]
[ECO "D57"]
[WhiteElo "1970"]
[BlackElo "2332"]
[Annotator "NA"]
[PlyCount "224"]
[EventDate "2018.10.05"]
[EventType "swiss"]
[EventCountry "IND"]
[SourceTitle "playchess.com"]
[Source "ChessBase"]
[SourceQuality "1"]
[TimeControl "5400+30"]

1. d4 Nf6 2. c4 e6 3. Nc3 d5 4. Bg5 Be7 5. e3 O-O 6. Nf3 h6 7. Bh4 Ne4 8. Bxe7 Qxe7 9. cxd5 Nxc3 10. bxc3 exd5 11. Qb3 Rd8 12. c4 Be6 13. c5 b6 14. Rc1 bxc5 15. Rxc5 Nd7 16. Rxc7 Rab8 17. Qc2 Qa3 18. Bd3 Rb2 19. Qc3 Qxc3+ 20. Rxc3 Rxa2 21. Nd2 Rb8 22. Ke2 Rbb2 23. Rd1 Nb6 24. Bb1 Ra5 25. Rb3 Rxb3 26. Nxb3 Rb5 27. Bc2 Nc4 28. Ra1 a5 29. Ra2 Kf8 30. Nc5 Ke7 31. Bd3 Kd6 32. Bxc4 dxc4 33. Ne4+ Kc7 34. Nc3 Rb3 35. Kd2 Kb6 36. Kc2 Bd7 37. e4 f6 38. Ra1 Ka6 39. f4 Rb8 40. Na4 Bxa4+ 41. Rxa4 Rb4 42. Ra1 Rb3 43. d5 Re3 44. d6 Kb7 45. Rd1 Kc8 46. Rd4 c3 47. f5 Kd7 48. Kb3 h5 49. g3 Rf3 50. Kc2 Rf2+ 51. Kxc3 Rxh2 52. Ra4 Rh3 53. Rxa5 h4 54. Kd4 hxg3 55. Ra7+ Kxd6 56. Rxg7 Rh1 57. Rxg3 Ra1 58. Rb3 Ra4+ 59. Ke3 Ra1 60. Rb6+ Ke7 61. Rb7+ Ke8 62. Kd4 Rd1+ 63. Kc5 Rd2 64. Rb6 Ke7 65. Re6+ Kf7 66. Rd6 Rc2+ 67. Kd5 Rd2+ 68. Kc6 Re2 69. Rd7+ Ke8 70. Rd4 Ke7 71. Kd5 Ra2 72. Rb4 Rd2+ 73. Kc5 Rc2+ 74. Kd4 Rd2+ 75. Ke3 Rd1 76. Kf4 Rf1+ 77. Kg4 Rg1+ 78. Kf3 Rf1+ 79. Ke3 Rd1 80. Rb7+ Ke8 81. Kf4 Kf8 82. Kg4 Rd4 83. Kh5 Rxe4 84. Kg6 Ra4 85. Rb6 Ra7 86. Rxf6+ Kg8 87. Rb6 Rg7+ 88. Kf6 Rf7+ 89. Ke6 Kg7 90. Rb8 Rf6+ 91. Ke5 Ra6 92. Rb7+ Kf8 93. Rd7 Rb6 94. Kf4 Ra6 95. Kg5 Rb6 96. Rh7 Ra6 97. Rh8+ Kf7 98. Rb8 Rc6 99. Rb5 Ra6 100. Rb7+ Kf8 101. Kf4 Ra4+ 102. Ke5 Ra6 103. Rc7 Rb6 104. Ra7 Rc6 105. Kd4 Rb6 106. Ke5 Rc6 107. Kf4 Rb6 108. Kg5 Rc6 109. Kh5 Rb6 110. Ra4 Kf7 111. Rg4 Rb5 112. Kg5 Rb1 1/2-1/2

[Event "1st Gujarat GM Open 2018"]
[Site "Ahmedabad"]
[Date "2018.10.07"]
[Round "3"]
[White "Manish Anto Cristiano F"]
[Black "Konguvel, Ponnuswamy"]
[Result "1-0"]
[ECO "B80"]
[WhiteElo "1961"]
[BlackElo "2325"]
[Annotator "NA"]
[PlyCount "88"]
[EventDate "2018.10.05"]
[EventType "swiss"]
[EventCountry "IND"]
[SourceTitle "playchess.com"]
[Source "ChessBase"]
[SourceQuality "1"]
[TimeControl "5400+30"]

1. e4 c5 2. Nf3 e6 3. d4 cxd4 4. Nxd4 Nf6 5. Nc3 d6 6. g3 Be7 7. Bg2 O-O 8. O-O a6 9. a4 Qc7 10. f4 Nc6 11. Be3 Bd7 12. Nb3 Na5 13. Nxa5 Qxa5 14. Qd2 Qc7 15. h3 Bc6 16. a5 Rac8 17. Rfc1 Qb8 18. Qd3 Nd7 19. b4 Bf6 20. Bd4 e5 21. fxe5 Bxe5 22. Rd1 Rfd8 23. Rac1 b5 24. axb6 Bxd4+ 25. Qxd4 Nxb6 26. Kh2 h6 27. Ra1 Bb5 28. Nxb5 axb5 29. Ra6 Nc4 30. c3 Qc7 31. Ra7 Qb6 32. Rf1 Qxd4 33. cxd4 f6 34. Re1 Re8 35. Re2 Kf8 36. Rea2 Ne3 37. Rb7 Rb8 38. Rd7 Rbd8 39. Rb7 Rb8 40. Rd7 Red8 41. Rc7 Ra8 42. Re2 Ra3 43. e5 dxe5 44. dxe5 Nxg2 1-0